 Dungeon Crawl Stone Soup version 0.23.2-11-gf996548c65 (webtiles) character file.

Game seed: 18191621595959529740

291416 Nattfarinn the Hoplite (level 19, -7/162 HPs)
             Began as a Minotaur Fighter on June 2, 2019.
             Was the Champion of Okawaru.
             Mangled by a balrug
             ... wielding a +2 demon whip of electrocution
              (8 damage)
             ... while paralysed
             ... on level 5 of the Abyss on June 4, 2019.
             The game lasted 02:35:57 (48536 turns).

Nattfarinn the Hoplite (Minotaur Fighter)          Turns: 48536, Time: 02:35:58

Health: -7/162     AC: 29    Str: 22      XL:     19   Next: 96%
Magic:  2/4        EV:  2    Int:  0 (2)  God:    Okawaru [******]
Gold:   1508       SH:  0    Dex: 19      Spells: 18/18 levels left

rFire    + + .     SeeInvis +   c - +12 trident "Genaclod" {antimagic, +Blink MP-9 Str+4}
rCold    + + +     Gourm    .   b - +10 large shield of Ignorance {rN+ Int-4}
rNeg     + + .     Faith    .   z - +6 ring mail of Disguise {rF+ Str-4 Dex+3}
rPois    +         Spirit   .   M - -2 hat of the Alchemist {rElec rPois rF+ rC+ rN+ MR+ rMut rCorr}
rElec    +         Reflect  +   Z - +0 cloak of Beauty {rC++ rCorr}
rCorr    +         Harm     .   E - +2 pair of gloves
rMut     +         Rnd*Rage +   q - +2 pair of boots of the Will of the Gods {Str+2 Slay+2}
MR       ++...                  n - +3 amulet of reflection
Stlth    +++.......             G - ring of see invisible
HPRegen  0.00/turn              D - +6 ring of protection
MPRegen  0.09/turn

@: paralysed, heroism, berserk cooldown, non-regenerating, mildly diseased,
slowed, lost intelligence
A: retaliatory headbutt, horns 2, [berserk 1], [deterioration 2], [frail 1],
[low mp 1], [screaming 1], electricity resistance, [weak 1]
}: 2/15 runes: decaying, serpentine
a: Heroism, Finesse, Renounce Religion, Evoke Blink


You were on level 5 of the Abyss.
You worshipped Okawaru.
Okawaru was exalted by your worship.
You were not hungry.

You visited 7 branches of the dungeon, and saw 35 of its levels.
You visited the Abyss 1 time.
You also visited: Ice Cave.

You collected 3326 gold pieces.
You spent 1818 gold pieces at shops.

Inventory:

Hand Weapons
 c - the +12 trident "Genaclod" (weapon) {antimagic, +Blink MP-9 Str+4}
   (You bought it in a shop on level 2 of the Orcish Mines)

   It reduces the magical energy of the wielder, and disrupts the spells and
   magical abilities of those hit.
   Natural abilities and divine invocations are not affected.
   It affects your strength (+4).
   It affects your magic capacity (-9).
   It lets you blink.
Armour
 b - the +10 large shield of Ignorance (worn) {rN+ Int-4}
   (You found it on level 1 of the Orcish Mines)

   It affects your intelligence (-4).
   It protects you from negative energy.
 q - the +2 pair of boots of the Will of the Gods (worn) {Str+2 Slay+2}
   (You found it on level 3 of the Swamp)

   It affects your strength (+2).
   It affects your accuracy and damage with ranged weapons and melee attacks
   (+2).
 z - the +6 ring mail of Disguise (worn) {rF+ Str-4 Dex+3}
   (Okawaru gifted it to you on level 13 of the Dungeon)

   It affects your strength (-4).
   It affects your dexterity (+3).
   It protects you from fire.
 E - a +2 pair of gloves (worn)
 M - the -2 hat of the Alchemist (worn) {rElec rPois rF+ rC+ rN+ MR+ rMut rCorr}
   (You found it in an ice cave)

   It protects you from fire.
   It protects you from cold.
   It insulates you from electricity.
   It protects you from poison.
   It protects you from negative energy.
   It affects your resistance to hostile enchantments.
   It provides partial protection from all sources of acid and corrosion.
   It protects you from mutation.
 Z - the +0 cloak of Beauty (worn) {rC++ rCorr}
   (You bought it in a shop on level 2 of the Orcish Mines)

   It greatly protects you from cold.
   It provides partial protection from all sources of acid and corrosion.
Jewellery
 n - a +3 amulet of reflection (around neck)
 p - an uncursed ring of wizardry {unknown}
 D - a +6 ring of protection (right hand)
 G - a ring of see invisible (left hand)
 Q - an uncursed amulet of the gourmand
 U - a cursed -3 ring of strength {unknown}
Wands
 I - a wand of digging (8)
 R - a wand of acid (28)
 S - a wand of polymorph (25)
 V - a wand of enslavement (8)
 W - a wand of paralysis (29)
 X - a wand of scattershot (7)
 Y - a wand of iceblast (7)
Scrolls
 e - 6 scrolls of enchant weapon
 h - 14 scrolls of remove curse
 i - 7 scrolls of fog
 l - 8 scrolls of amnesia
 t - 12 scrolls of teleportation
 v - 3 scrolls of immolation
 x - 2 scrolls of enchant armour
 y - 2 scrolls of silence
 B - 3 scrolls of brand weapon
 C - a scroll of fear
 H - 4 scrolls of vulnerability
 J - 5 scrolls of magic mapping
 T - a scroll of torment
Potions
 d - 9 potions of might
 k - 4 potions of heal wounds
 m - a potion of haste
 o - 11 potions of curing
 r - 11 potions of brilliance
 s - 4 potions of cancellation
 u - 4 potions of resistance
 w - 2 potions of agility
 F - a potion of invisibility
 K - 3 potions of flight
 O - 4 potions of berserk rage
Comestibles
 f - 68 rations


   Skills:
 - Level 18.7(23.7) Fighting
   Level 14.0(19.0) Maces & Flails
 - Level 14.0(19.0) Polearms
 * Level 14.9(19.9) Armour
 - Level 9.3(14.3) Dodging
 - Level 21.0(26.0) Shields
 - Level 11.1 Invocations
 - Level 11.6 Evocations


You had 18 spell levels left.
You didn't know any spells.
Your spell library contained the following spells:

 Spells                   Type           Power        Failure   Level  Hunger
 Animate Skeleton         Necr           N/A          69%         1    ##.....
 Apportation              Tloc           #.....       69%         1    ##.....
 Beastly Appendage        Tmut           #.....       69%         1    ##.....
 Confusing Touch          Hex            #.....       69%         1    ##.....
 Corona                   Hex            #......      69%         1    ##.....
 Flame Tongue             Conj/Fire      #....        69%         1    ##.....
 Magic Dart               Conj           #...         69%         1    ##.....
 Sandblast                Erth           #.....       69%         1    ##.....
 Sting                    Conj/Pois      #...         69%         1    ##.....
 Summon Small Mammal      Summ           #...         69%         1    ##.....
 Blink                    Tloc           N/A          83%         2    ###....
 Call Imp                 Summ           #.......     83%         2    ###....
 Ensorcelled Hibernation  Hex/Ice        #.....       83%         2    ###....
 Poisonous Vapours        Pois/Air       #.....       83%         2    ###....
 Shroud of Golubria       Chrm/Tloc      #.........   83%         2    ###....
 Slow                     Hex            #.......     83%         2    ###....
 Sticks to Snakes         Tmut           #.......     83%         2    ###....
 Call Canine Familiar     Summ           #.......     96%         3    ####...
 Confuse                  Hex            #.......     96%         3    ####...
 Conjure Flame            Conj/Fire      #.......     96%         3    ####...
 Dazzling Spray           Conj/Hex       #.....       96%         3    ####...
 Gell's Gravitas          Tloc           #.........   96%         3    ####...
 Ignite Poison            Fire/Tmut/Pois #.......     96%         3    ####...
 Lesser Beckoning         Tloc           #.........   96%         3    ####...
 Mephitic Cloud           Conj/Pois/Air  #.......     96%         3    ####...
 Spider Form              Tmut/Pois      #.........   96%         3    ####...
 Summon Guardian Golem    Hex/Summ       #.......     96%         3    ####...
 Teleport Other           Tloc           #.......     96%         3    ####...
 Tukima's Dance           Hex            #.......     96%         3    ####...
 Fulminant Prism          Conj/Hex       #.........   100%        4    #####..
 Ice Form                 Ice/Tmut       #.......     100%        4    #####..
 Leda's Liquefaction      Hex/Erth       #.........   100%        4    #####..
 Olgreb's Toxic Radiance  Pois           #.......     100%        4    #####..
 Passage of Golubria      Tloc           N/A          100%        4    #####..
 Petrify                  Tmut/Erth      #.......     100%        4    #####..
 Summon Ice Beast         Ice/Summ       #.......     100%        4    #####..
 Summon Lightning Spire   Summ/Air       #.......     100%        4    #####..
 Blade Hands              Tmut           #.........   100%        5    ######.
 Excruciating Wounds      Chrm/Necr      #.........   100%        5    ######.
 Irradiate                Conj/Tmut      #.........   100%        5    ######.
 Venom Bolt               Conj/Pois      #.........   100%        5    ######.
 Bolt of Cold             Conj/Ice       #.........   100%        6    #######
 Iron Shot                Conj/Erth      #.........   100%        6    #######
 Statue Form              Tmut/Erth      #........    100%        6    #######


Dungeon Overview and Level Annotations

Branches:
Dungeon (15/15)            Temple (1/1) D:5            Lair (6/6) D:11
  Swamp (4/4) Lair:2        Snake (4/4) Lair:2        Slime (0/5) Lair:6
    Orc (2/2) D:12            Elf (3/3) Orc:2        Vaults (0/5) D:14
 Depths (0/5) D:15

Altars:
Ashenzari
Cheibriados
Dithmenos
Elyvilon
Fedhas
Gozag
Hepliaklqana
Kikubaaqudgha
Makhleb
Nemelex Xobeh
Okawaru
Qazlal
Ru
Sif Muna
Trog
Uskayaw
Vehumet
Wu Jian
Xom
Yredelemnul
Zin
The Shining One
Beogh

Shops:
D:2 *   D:5 [:(%   D:10 [   D:15 !%::?   Orc:2 ***([   Elf:1 *   Snake:1 }}=
Snake:3 *

Annotations:
Swamp:2 exclusions: oklob plant and oklob sapling
Orc:1 1 runed translucent door, exclusion: orange crystal statue


Innate Abilities, Weirdness & Mutations

You reflexively headbutt those who attack you in melee.
You have a pair of horns on your head.
You are resistant to electric shocks. (rElec)
[You tend to lose your temper in combat.]
[Your body often deteriorates upon taking damage.]
[You are frail. (-10% HP)]
[Your magical capacity is low. (-10% MP)]
[You occasionally shout uncontrollably at your foes.]
[You are weak. (Str -2)]


Message History

The sun demon is almost dead.
The sun demon closely misses you. You furiously retaliate!
You headbutt the sun demon, but do no damage.
You barely miss the sun demon. You headbutt the sun demon.
The sun demon is almost dead.
You block the balrug's attack.
You hit the sun demon.
You kill the sun demon!
Okawaru accepts your kill.
You feel the corruption within you wane somewhat.
You feel a little less angry.
Your magic regains its normal vibrancy.
Your vision sharpens.
The balrug gestures at you. Something smites you!
* * * LOW HITPOINT WARNING * * *
Your body deteriorates!
You feel dopey.
You have lost your intelligence.
The balrug hits you with a +2 demon whip of electrocution!
* * * LOW HITPOINT WARNING * * *
You are engulfed in flames!
You resist.
You die...

.#### ..#. . .. #..'
.###.## #..# . ...
#..# ### .. .
#..##.... ##
#≈######32......
§≈≈§≈≈≈≈≈§≈§≈@.......
### ### ####*.......
. .............##($..
##... ...##### ...
..# #....# # #
.##....# .#.##.. .# #
∩##... '. .<..#.. .
..


You could see a balrug (burning), a wretched star and a sun demon.

Vanquished Creatures
  Nikola (Swamp:2)
  A bone dragon (Swamp:4)
  A tentacled monstrosity (Swamp:1)
  A deep elf blademaster (Elf:3)
  Frances (D:13)
  A tentacled starspawn (Abyss:5)
  7 thorn hunters
  Kirke (D:14)
  12 nagarajas
  Aizul (Snake:3)
  Louise (Swamp:1)
  A frost giant (IceCv)
  4 deep elf sorcerers
  3 large abominations
  2 deep elf elementalists (Elf:3)
  The ghost of Nattfarinn the Warrior, a journeyman MiFi of Okawaru (D:15)
  An entropy weaver (Abyss:4)
  2 deep elf demonologists (Elf:1)
  2 deep elf annihilators (Elf:3)
  A lorocyproca (Abyss:5)
  Snorg (Lair:3)
  5 deep elf death magi (Elf:3)
  A fire dragon (Lair:6)
  Erolcha (D:13)
  17 naga warriors
  Harold (D:8)
  3 shambling mangroves (Swamp:2)
  2 ghost crabs (Swamp:4)
  15 hydras
  9 anacondas
  A centaur warrior (D:15)
  3 catoblepae
  Erica (D:10)
  13 alligators
  A satyr (Abyss:4)
  20 dancing weapons
  3 death yaks (Lair:5)
  2 orc high priests
  2 tengu warriors
  11 naga sharpshooters
  7 shock serpents
  2 sun demons (Abyss:5)
  18 deep elf knights
  5 salamander mystics
  A shadow wraith (D:13)
  2 sea snakes (Snake:3)
  A spatial maelstrom (Abyss:4)
  A wretched star (Abyss:5)
  A flayed ghost (Abyss:4)
  2 unseen horrors
  3 spectral hydras (Swamp:4)
  7 deep elf archers
  6 swamp dragons
  4 wizards
  2 spriggan druids (Swamp:3)
  11 naga ritualists
  3 phantasmal warriors (Swamp:4)
  An orc knight (Orc:2)
  A lindwurm (shapeshifter) (D:15)
  A lindwurm (Lair:6)
  Pikel (D:8)
  An oklob plant (Snake:1)
  8 mana vipers
  17 ugly things
  6 orc sorcerers
  A wolf spider (D:15)
  A cyclops (D:14)
  44 deep elf magi
  14 salamanders
  A manticore (D:15)
  30 elephants
  40 black mambas
  A worldbinder (Abyss:4)
  An ice statue (IceCv)
  7 guardian serpents
  18 naga magi
  2 gargoyles
  3 molten gargoyles (Lair:6)
  An apocalypse crab (Abyss:4)
  23 spiny frogs
  2 rime drakes
  5 swamp worm zombies (Swamp:4)
  7 komodo dragons
  An efreet (D:15)
  4 tengu conjurers
  An ancient zyme (Abyss:5)
  2 hydra zombies (Swamp:4)
  19 polar bears
  2 jumping spiders (shapeshifter) (D:14)
  A wandering mushroom (Swamp:4)
  3 meliai (Lair:4)
  A queen bee (Lair:4)
  6 tyrant leeches
  14 hornets
  19 slime creatures
  A spectral swamp dragon (Swamp:4)
  3 trolls
  7 blink frogs
  10 dream sheep
  3 alligator zombies (Swamp:4)
  A raiju (Abyss:5)
  11 hippogriffs
  10 bog bodies
  An air elemental (Elf:2)
  10 spriggans
  A vampire (D:11)
  2 water elementals (Elf:2)
  61 yaks
  2 shadows
  8 wyverns
  A hog (D:14)
  Grum (D:8)
  6 basilisks
  A hungry ghost (D:10)
  A steam dragon (Lair:6)
  A neqoxec (Abyss:5)
  A golden eye (shapeshifter) (D:14)
  A warg (Elf:2)
  66 nagas
  20 vampire mosquitoes
  9 insubstantial wisps
  16 swamp worms
  4 acid dragons
  11 water moccasins
  3 hell hounds (Lair:6)
  12 porcupines
  13 swamp drakes
  33 orc warriors
  8 sky beasts
  5 black bears
  An ice beast (D:5)
  9 phantoms
  A necrophage (D:9)
  2 eyes of draining (D:14)
  8 ogres
  33 wolves
  5 swamp dragon zombies (Swamp:4)
  6 centaurs
  14 crocodiles
  17 bullfrogs
  3 small abominations (Abyss:4)
  An earth elemental (Elf:2)
  A water moccasin zombie (D:11)
  A wyvern zombie (D:11)
  4 scorpions
  24 killer bees
  13 wights
  4 electric eels
  7 howler monkeys
  5 lava snakes (Lair:6)
  8 centaur zombies
  4 crimson imps
  5 jellies
  29 orc priests
  7 hounds
  7 iguanas
  37 orc wizards
  2 bullfrog skeletons
  2 centaur skeletons
  An iron imp (D:8)
  Jessica (D:2)
  Natasha (thrice) (D:4)
  2 spectral swamp drakes (Swamp:4)
  8 worker ants
  7 hell rats (Lair:4)
  A hound zombie (D:8)
  A worker ant zombie (D:8)
  2 swamp drake zombies (Swamp:4)
  11 adders
  3 shadow imps
  2 oozes
  2 adder zombies
  2 adder skeletons
  2 worms
  6 dart slugs
  9 leopard geckos
  122 orcs
  7 giant cockroaches
  9 goblins
  6 hobgoblins
  22 jackals
  4 quokkas
  3 ball pythons
  3 bats (D:1)
  9 frilled lizards
  7 kobolds
  9 rats
  2 briar patches
  A butterfly (D:9)
  2 crawling corpses (Elf:3)
  A fungus (Swamp:2)
1417 creatures vanquished.

Vanquished Creatures (others)
  A hellephant (Abyss:4)
  Asterion (Elf:3)
  2 deep elf master archers (Elf:3)
  A green death (Abyss:4)
  A deep elf knight (Elf:2)
  A mana viper (Snake:4)
  A salamander (Snake:3)
  A tyrant leech (Swamp:1)
  A hippogriff (D:15)
  A raiju (Abyss:4)
  A ynoxinul (Abyss:4)
  2 large abominations (Abyss:4)
  An ogre (D:14)
  An orc (Elf:2)
  5 briar patches (Swamp:2)
  A crawling corpse (Elf:3)
  16 fungi
  A lurking horror (Abyss:4)
  14 plants
  10 starspawn tentacles
63 creatures vanquished.

Grand Total: 1480 creatures vanquished

Notes
Turn   | Place    | Note
-------+----------+-------------------------------------------
     0 | D:1      | Nattfarinn the Minotaur Fighter began the quest for the
                  | Orb.
     0 | D:1      | Reached XP level 1. HP: 19/19 MP: 0/0
    91 | D:1      | Reached XP level 2. HP: 27/27 MP: 1/1
   241 | D:1      | Reached XP level 3. HP: 26/33 MP: 2/2
   264 | D:1      | Reached skill level 4 in Shields
   811 | D:2      | Found a faded altar of an unknown god.
   835 | D:2      | Reached XP level 4. HP: 38/40 MP: 3/3
   943 | D:2      | Found an opulent altar of Gozag.
   983 | D:2      | Found Gozag's Platinum Reserve.
  1078 | D:2      | Noticed Jessica
  1086 | D:2      | HP: 1/40 [Jessica/wand of flame (17) (10)]
  1087 | D:2      | Killed Jessica
  1642 | D:2      | Found an ornate altar of the Wu Jian Council.
  1642 | D:2      | Found a radiant altar of Vehumet.
  2308 | D:3      | Reached XP level 5. HP: 40/47 MP: 4/4
  3196 | D:4      | Noticed Natasha
  3264 | D:4      | Killed Natasha
  3576 | D:4      | Reached skill level 5 in Maces & Flails
  3709 | D:4      | Reached XP level 6. HP: 41/55 MP: 5/5
  3718 | D:4      | Reached skill level 5 in Armour
  3718 | D:4      | Reached skill level 5 in Shields
  3789 | D:4      | Noticed Natasha
  3794 | D:4      | Killed Natasha
  3794 | D:4      | Reached skill level 5 in Fighting
  3799 | D:4      | Noticed Natasha
  3805 | D:4      | Killed Natasha
  3829 | D:5      | Entered Level 5 of the Dungeon
  3859 | D:5      | Noticed a sky beast
  3869 | D:5      | Killed a sky beast
  3908 | D:5      | Reached XP level 7. HP: 51/61 MP: 6/6
  4181 | D:5      | Found Guakk's Book Emporium.
  4183 | D:5      | Found Ofakkisch's Weapon Boutique.
  4191 | D:5      | Found Suba's Antique Armour Shop.
  4195 | D:5      | Got a crude ring mail
  4206 | D:5      | Identified the cursed +1 ring mail of Coronation {rC+++ MR-
                  | Str+2 Dex-5} (You found it on level 5 of the Dungeon)
  4309 | D:5      | Found a staircase to the Ecumenical Temple.
  4322 | Temple   | Entered the Ecumenical Temple
  4417 | Temple   | Became a worshipper of Warmaster Okawaru
  4720 | D:5      | Reached skill level 6 in Shields
  4760 | D:5      | Reached XP level 8. HP: 70/70 MP: 7/7
  4822 | D:5      | Found Lehy's Food Shop.
  4946 | D:6      | Reached * piety under Okawaru
  5063 | D:6      | Found a shadowy altar of Dithmenos.
  5558 | D:7      | Reached skill level 7 in Shields
  5594 | D:7      | Reached ** piety under Okawaru
  5857 | D:7      | Noticed a hippogriff
  5864 | D:7      | Killed a hippogriff
  5864 | D:7      | Reached XP level 9. HP: 46/79 MP: 8/8
  6597 | D:7      | Reached skill level 10 in Maces & Flails
  6710 | D:7      | Reached skill level 8 in Shields
  6801 | D:8      | Reached *** piety under Okawaru
  7376 | D:8      | Found a snail-covered altar of Cheibriados.
  7392 | D:8      | Reached XP level 10. HP: 72/90 MP: 9/9
  7400 | D:8      | Reached **** piety under Okawaru
  7525 | D:8      | Noticed Pikel
  7541 | D:8      | Killed Pikel
  7568 | D:8      | Noticed Grum
  7578 | D:8      | Reached skill level 9 in Shields
  7584 | D:8      | Killed Grum
  7659 | D:8      | Noticed Harold
  7678 | D:8      | Killed Harold
  7766 | D:8      | Reached ***** piety under Okawaru
  8294 | D:9      | Found a shimmering altar of Xom.
  8444 | D:9      | Received a gift from Okawaru
  8444 | D:9      | Reached XP level 11. HP: 70/99 MP: 10/10
  8755 | D:10     | Entered Level 10 of the Dungeon
  8773 | D:10     | Reached skill level 10 in Shields
  8870 | D:10     | Noticed Erica
  8882 | D:10     | Killed Erica
  8882 | D:10     | Reached skill level 10 in Fighting
  8882 | D:10     | Reached skill level 10 in Armour
  9161 | D:10     | Found Xyeluo's Antique Armour Emporium.
  9169 | D:10     | Bought a pair of ichor-stained gloves for 275 gold pieces
  9169 | D:10     | Identified the cursed -1 pair of gloves of Poamulem {Int+4}
                  | (You bought it in a shop on level 10 of the Dungeon)
  9721 | D:11     | Noticed a tengu warrior
  9736 | D:11     | Killed a tengu warrior
 10306 | D:11     | Killed an unseen horror
 10492 | D:11     | You fall through a shaft for 3 floors!
 10994 | D:14     | Got a polished leather armour
 11002 | D:14     | Identified the cursed +1 leather armour "Baur" {rCorr MP+9
                  | Int+2 Dex+2} (You found it on level 14 of the Dungeon)
 11114 | D:13     | Noticed Erolcha
 11124 | D:13     | Killed Erolcha
 11124 | D:13     | Received a gift from Okawaru
 11124 | D:13     | Reached skill level 11 in Shields
 11125 | D:13     | Got a brightly glowing ring mail {god gift}
 11136 | D:13     | Identified the +6 ring mail of Disguise {rF+ Str-4 Dex+3}
                  | (Okawaru gifted it to you on level 13 of the Dungeon)
 11513 | D:12     | Killed an unseen horror
 11657 | D:12     | Reached XP level 12. HP: 106/110 MP: 11/11
 11709 | D:12     | Found a staircase to the Orcish Mines.
 11852 | D:12     | Found a stormy altar of Qazlal.
 12406 | D:11     | Found a staircase to the Lair.
 12737 | D:13     | Noticed a catoblepas
 12768 | D:13     | Killed a catoblepas
 13019 | D:13     | Reached skill level 12 in Shields
 13198 | D:13     | Noticed Frances
 13225 | D:13     | Killed Frances
 13943 | D:14     | Found a white marble altar of Elyvilon.
 13957 | D:13     | Received a gift from Okawaru
 14389 | D:14     | Found a basalt altar of Yredelemnul.
 14402 | D:14     | Noticed Kirke
 14423 | D:14     | Noticed a five-headed hydra
 14989 | D:14     | Killed Kirke
 14989 | D:14     | Reached skill level 13 in Shields
 15061 | D:15     | Entered Level 15 of the Dungeon
 15123 | D:13     | Reached XP level 13. HP: 54/122 MP: 12/12
 15783 | D:14     | Received a gift from Okawaru
 15908 | D:14     | Found a gate to the Vaults.
 16199 | D:15     | Found Weonetox's Distillery.
 16211 | D:15     | Found Loecki's Book Shop.
 16213 | D:15     | Found Guvozo's Food Shoppe.
 16251 | D:15     | Reached ****** piety under Okawaru
 16342 | D:15     | Reached skill level 1 in Dodging
 16628 | D:15     | Found Tyasys's Book Shoppe.
 17239 | D:15     | Found a staircase to the Depths.
 17270 | D:15     | Reached skill level 5 in Dodging
 17554 | D:15     | Received a gift from Okawaru
 17656 | D:15     | Found Teodan Xoro's Magic Scroll Shop.
 17664 | D:15     | Found a runed translucent door.
 17930 | D:15     | Noticed Nattfarinn's ghost (journeyman MiFi)
 18009 | D:15     | Killed Nattfarinn's ghost
 18371 | Orc:1    | Entered Level 1 of the Orcish Mines
 18371 | Orc:1    | Found a runed translucent door.
 18873 | Orc:1    | Found the +10 large shield of Ignorance {rN+ Int-4}
 18891 | Orc:1    | Found a runed translucent door.
 18906 | Orc:1    | Paralysed by an orc sorcerer for 3 turns
 19096 | Orc:2    | Entered Level 2 of the Orcish Mines
 19096 | Orc:2    | Found a staircase to the Elven Halls.
 19679 | Orc:2    | Found Jeohiov's General Store.
 19742 | Orc:2    | Found a roughly hewn altar of Beogh.
 20653 | Orc:2    | Found Iklomom's Assorted Antiques.
 20653 | Orc:2    | Found Riexzimn's Antique Armour Shoppe.
 20653 | Orc:2    | Found Qeas's General Store.
 20665 | Orc:2    | Found Eduvot's Weapon Shoppe.
 20823 | Orc:2    | Bought a shimmering cloak for 285 gold pieces
 21031 | Orc:2    | Bought the +12 trident "Genaclod" {antimagic, +Blink MP-9
                  | Str+4} for 1258 gold pieces
 21046 | Orc:2    | Identified the +0 cloak of Beauty {rC++ rCorr} (You bought
                  | it in a shop on level 2 of the Orcish Mines)
 21158 | Lair:1   | Entered Level 1 of the Lair of Beasts
 21172 | Lair:1   | Reached XP level 14. HP: 129/133 MP: 1/13
 21196 | Lair:1   | Reached skill level 1 in Polearms
 22113 | Lair:2   | Reached skill level 5 in Polearms
 22202 | Lair:2   | Found a staircase to the Snake Pit.
 22463 | Lair:2   | Received a gift from Okawaru
 22550 | Lair:2   | Got a crystal demon trident {god gift}
 22583 | Lair:2   | Identified the +11 demon trident "Ebloupn" {pierce, rElec
                  | rC+ MP+9 Stlth+} (Okawaru gifted it to you on level 2 of
                  | the Lair of Beasts)
 22764 | Lair:2   | Found a staircase to the Swamp.
 23899 | Lair:3   | Found a frozen archway.
 23906 | Lair:3   | Received a gift from Okawaru
 23906 | Lair:3   | Reached skill level 10 in Polearms
 23937 | IceCv    | Entered an ice cave
 24715 | IceCv    | Noticed a frost giant
 24716 | IceCv    | Found the -2 hat of the Alchemist {rElec rPois rF+ rC+ rN+
                  | MR+ rMut rCorr}
 24722 | IceCv    | Received a gift from Okawaru
 24735 | IceCv    | Killed a frost giant
 24995 | Lair:3   | Noticed Snorg
 25008 | Lair:3   | Killed Snorg
 25410 | Lair:4   | Reached XP level 15. HP: 122/139 MP: 1/14
 25655 | Lair:4   | Received a gift from Okawaru
 26689 | Lair:5   | Reached skill level 1 in Invocations
 26957 | Lair:5   | Reached skill level 15 in Fighting
 26967 | Lair:5   | Reached skill level 14 in Shields
 27474 | Lair:6   | Entered Level 6 of the Lair of Beasts
 27733 | Lair:6   | Found a large runed translucent door.
 27734 | Lair:6   | Found a large runed translucent door.
 27846 | Lair:6   | Received a gift from Okawaru
 28080 | Lair:6   | Reached skill level 15 in Shields
 28155 | Lair:6   | Found a staircase to the Slime Pits.
 29704 | Snake:1  | Entered Level 1 of the Snake Pit
 29759 | Snake:1  | Received a gift from Okawaru
 30098 | Snake:1  | Reached skill level 5 in Invocations
 30122 | Snake:1  | Reached XP level 16. HP: 112/150 MP: 3/18
 30520 | Snake:1  | Found Fiuw's Jewellery Boutique.
 30520 | Snake:1  | Found Fuyhicateu's Gadget Emporium.
 30521 | Snake:1  | Found Eplanwat's Gadget Emporium.
 30620 | Snake:1  | Received a gift from Okawaru
 30620 | Snake:1  | Reached skill level 16 in Shields
 32227 | Snake:3  | Found Hanko's Mass Market.
 32270 | Snake:2  | Reached skill level 17 in Shields
 32639 | Snake:3  | Received a gift from Okawaru
 32698 | Snake:3  | Noticed Aizul
 32731 | Snake:3  | Killed Aizul
 33710 | Snake:4  | Entered Level 4 of the Snake Pit
 33778 | Snake:4  | Reached XP level 17. HP: 101/160 MP: 4/21
 34067 | Snake:4  | Reached skill level 18 in Shields
 34133 | Snake:3  | Received a gift from Okawaru
 34142 | Snake:3  | Got an aquamarine-studded scale mail {god gift}
 34154 | Snake:3  | Identified the +0 scale mail "Puhe" {+Blink} (Okawaru
                  | gifted it to you on level 3 of the Snake Pit)
 35974 | Snake:4  | Reached skill level 19 in Shields
 36191 | Snake:4  | Received a gift from Okawaru
 36828 | Snake:4  | Got a serpentine rune of Zot
 37512 | Swamp:1  | Entered Level 1 of the Swamp
 37703 | Swamp:1  | Noticed Louise
 37727 | Swamp:1  | Killed Louise
 37921 | Swamp:1  | Noticed a tentacled monstrosity
 37946 | Swamp:1  | Killed a tentacled monstrosity
 38604 | Swamp:2  | Reached skill level 10 in Invocations
 38692 | Swamp:2  | Reached XP level 18. HP: 164/172 MP: 5/24
 38833 | Swamp:2  | Reached skill level 20 in Shields
 38938 | Swamp:2  | Received a gift from Okawaru
 38948 | Swamp:2  | Got a pair of ichor-stained boots {god gift}
 38959 | Swamp:2  | Identified the +0 pair of boots "Openus" {rPois rF- Stlth+}
                  | (Okawaru gifted it to you on level 2 of the Swamp)
 39245 | Swamp:2  | Noticed Nikola
 39296 | Swamp:2  | Killed Nikola
 40139 | Swamp:3  | Got a pair of encrusted boots
 40455 | Swamp:3  | Identified the +2 pair of boots of the Will of the Gods
                  | {Str+2 Slay+2} (You found it on level 3 of the Swamp)
 41139 | Swamp:4  | Entered Level 4 of the Swamp
 41693 | Swamp:4  | Received a gift from Okawaru
 41818 | Swamp:4  | Reached skill level 21 in Shields
 41925 | Swamp:4  | Reached skill level 1 in Evocations
 43928 | Swamp:4  | Noticed a bone dragon
 43957 | Swamp:4  | Killed a bone dragon
 44035 | Swamp:4  | Got a decaying rune of Zot
 44475 | Elf:1    | Entered Level 1 of the Elven Halls
 44488 | Elf:1    | Reached skill level 5 in Evocations
 44546 | Elf:1    | Noticed a Hell Sentinel
 44554 | Elf:1    | Noticed a Hell Sentinel
 44685 | Elf:1    | Identified the Tome of Axaxaxas mlö
 44692 | Elf:1    | Identified the Tome of Sand
 44764 | Elf:1    | Identified the Tome of Plaster Cramp
 44843 | Elf:1    | Reached XP level 19. HP: 158/180 MP: 5/26
 44917 | Elf:1    | Found Keichesi's Assorted Antiques.
 45287 | Elf:1    | Identified the Papyrus of Confrontation
 45654 | Elf:2    | Found an ancient bone altar of Kikubaaqudgha.
 45785 | Elf:2    | Received a gift from Okawaru
 46271 | Elf:2    | Found a runed translucent gate.
 46271 | Elf:2    | Found a runed translucent gate.
 46271 | Elf:2    | Found a runed translucent gate.
 46451 | Elf:2    | Reached skill level 10 in Evocations
 46709 | Elf:3    | Entered Level 3 of the Elven Halls
 46836 | Elf:3    | Noticed Asterion
 46862 | Elf:3    | Killed Asterion
 46989 | Elf:3    | Identified the Guide on Changing
 47481 | Elf:3    | Noticed a Brimstone Fiend
 47884 | Elf:3    | Received a gift from Okawaru
 48084 | Elf:3    | Noticed a Tzitzimitl
 48086 | Elf:3    | Cast into level 2 of the Abyss (a deep elf sorcerer)
 48254 | Abyss:4  | Noticed a hellephant
 48277 | Abyss:4  | Killed a hellephant
 48362 | Abyss:4  | Gained mutation: You are resistant to electric shocks.
                  | (rElec) [potion of mutation]
 48406 | Abyss:5  | Entered Level 5 of the Abyss
 48406 | Abyss:5  | Entered Level 5 of the Abyss
 48535 | Abyss:5  | Lost intelligence.
 48536 | Abyss:5  | HP: 1/162 [balrug/+2 demon whip of electrocution (10)]
 48536 | Abyss:5  | Mangled by a balrug

Skill      XL: |  1  2  3  4  5  6  7  8  9 10 11 12 13 14 15 16 17 18 19 |
---------------+----------------------------------------------------------+-----
Maces & Flails | 3 4 5 6 7 9 11 12 14 | 14.0
Fighting       | 4 5 6 7 8 9 11 13 14 15 16 18 | 18.7
Armour         | 4 5 6 7 8 9 11 13 14 | 14.9
Shields        | 4 5 6 7 8 9 11 13 15 17 19 21 | 21.0
Dodging        | 9 |  9.3
Polearms       | 13 14 | 14.0
Invocations    | 5 7 10 11 | 11.1
Evocations     | 6 11 | 11.6

Action                   |  1- 3 |  4- 6 |  7- 9 | 10-12 | 13-15 | 16-18 | 19-21 || total
-------------------------+-------+-------+-------+-------+-------+-------+-------++-------
Melee: Flail             |    90 |   179 |   395 |   796 |   652 |       |       ||  2112
       Headbutt          |    10 |    34 |    71 |   188 |   559 |   567 |   131 ||  1560
       Trident           |       |       |       |       |  1412 |  2320 |   576 ||  4308
Invok: Heroism           |       |       |     3 |     7 |     6 |     2 |     3 ||    21
       Finesse           |       |       |       |       |     2 |       |       ||     2
 Abil: Evoke Blink       |       |       |       |       |     1 |       |       ||     1
Evoke: Wand              |       |       |       |       |     4 |     7 |       ||    11
  Use: Scroll            |     1 |     4 |     7 |     4 |    24 |    11 |     6 ||    57
       Potion            |       |       |       |       |       |     7 |     8 ||    15
 Stab: Petrified         |       |       |       |       |     4 |       |       ||     4
       Distracted        |       |       |       |       |       |     1 |     1 ||     2
  Eat: Chunk             |       |     6 |    12 |    32 |    49 |    51 |     5 ||   155
       Ration            |       |     1 |       |       |       |     1 |       ||     2
Armor: Scale mail        |    56 |    69 |   132 |   162 |       |       |       ||   419
       Ring mail         |       |       |       |   171 |   336 |   270 |    33 ||   810
Dodge: Dodged            |    29 |    71 |   133 |   263 |   585 |   446 |    76 ||  1603
Block: Shield            |    62 |   103 |   201 |   398 |   328 |       |       ||  1092
       Large shield      |       |       |       |       |  1496 |  2196 |   453 ||  4145
       Reflection        |       |       |       |       |       |       |    43 ||    43
